 Dungeon Crawl Stone Soup version 0.23.0 (webtiles) character file.

Game seed: 5473629772785380780

33 sighowe the Scratcher (level 3, 0/15 HPs)
             Began as a Felid Transmuter on Feb 14, 2019.
             Succumbed to an adder's poison
             ... on level 2 of the Dungeon.
             The game lasted 00:03:23 (1289 turns).

sighowe the Scratcher (Felid Transmuter)            Turns: 1289, Time: 00:03:23

Health: 0/15       AC:  3    Str:  5 (8)  XL:     3   Next: 12%
Magic:  6/7        EV: 18    Int: 11 (14) God:
Gold:   93         SH:  0    Dex: 16 (17) Spells: 3/6 levels left
                                        Lives:  0   Deaths: 0

rFire    . . .     SeeInvis +     - Unarmed
rCold    . . .     Gourm    .   (shield unavailable)
rNeg     . . .     Faith    .   (armour unavailable)
rPois    .         Spirit   .   (helmet unavailable)
rElec    .         Reflect  .   (cloak unavailable)
rCorr    .         Harm     .   (gloves unavailable)
MR       .....                  (boots unavailable)
Stlth    ++........             (no amulet)
HPRegen  0.05/turn              (no ring)
MPRegen  0.10/turn              (no ring)

@: lethally poisoned (0 -> -5), appendage, quick
A: very small, no armour, no weapons or thrown items, stealth, claws 1, fangs 3,
horns 2, iridescent scales 1, see invisible, carnivore, speed 1, high mp 1,
shaggy fur 1, slow metabolism 1, strong 1, sharp paws
a: End Transformation


You were on level 2 of the Dungeon.
You were not hungry.
You had grown temporary horns.
You visited 1 branch of the dungeon, and saw 2 of its levels.

You collected 93 gold pieces.

Inventory:

Missiles
 a - 27 arrows
Scrolls
 b - a scroll of random uselessness {unknown}
 g - a scroll of blinking {unknown}
 h - a scroll of enchant armour {unknown}
Potions
 f - 2 potions of magic {unknown}
 i - a potion of brilliance {unknown}
 j - a potion of heal wounds {unknown}
Comestibles
 c - 2 rations


   Skills:
 + Level 1.0 Fighting
 + Level 3.3 Dodging
 + Level 3.7 Unarmed Combat
 + Level 2.2 Spellcasting
 + Level 2.4 Transmutations


You had 3 spell levels left.
You knew the following spells:

 Your Spells              Type           Power        Failure   Level  Hunger
a - Beastly Appendage     Tmut           #.....       11%         1    ##.....
b - Sticks to Snakes      Tmut           #.......     16%         2    ###....

Your spell library contained the following spells:

 Spells                   Type           Power        Failure   Level  Hunger
 Spider Form              Tmut/Pois      #.........   45%         3    ####...
 Ice Form                 Ice/Tmut       #.......     86%         4    #####..
 Blade Hands              Tmut           #.........   96%         5    ######.


Dungeon Overview and Level Annotations

Branches:
Dungeon (2/15)

Altars:


Innate Abilities, Weirdness & Mutations

You cannot wear armour.
You are incapable of wielding weapons or throwing items.
Your paws allow you to move quietly. (Stealth)
You have sharp claws.
You have razor-sharp teeth.
You have supernaturally acute eyesight. (SInv)
You are carnivorous and can eat meat at any time.
You cover ground quickly.
You are covered in fur. (AC +1)
You have a slow metabolism.
Your sharp claws are effective at attacking unaware monsters.
You have a pair of horns on your head.
You are partially covered in iridescent scales. (AC +2)
You have an increased reservoir of magic. (+10% MP)
Your muscles are strong. (Str +2)


Message History

You scratch the hobgoblin.
The hobgoblin is moderately wounded.
The adder closely misses you. The hobgoblin closely misses you.
You scratch the hobgoblin.
The hobgoblin is severely wounded.
Your horns disappear.
* * * LOW HITPOINT WARNING * * *
You feel sick. The adder barely misses you. The hobgoblin barely misses you.
You scratch the hobgoblin but do no damage.
The hobgoblin is severely wounded.
The adder bites you.
* * * LOW HITPOINT WARNING * * *
The hobgoblin misses you.
Casting: Beastly Appendage (safe; 11% risk of failure)
Confirm with . or Enter, or press ? or * to list all spells.
You grow a pair of large bovine horns.
The adder misses you. The hobgoblin closely misses you.
The adder closely misses you.
You scratch the hobgoblin.
You kill the hobgoblin!
You die...

#....#
#....#####. .
#..........
..###..........
#.........#####
##.......)#####
#.............
#.......#####.
#...#..K$@#
#.....###.S...>.#
.....###
######... ##...
.... ##.. #.


You could see an adder and a kobold.

Vanquished Creatures
  An ooze (D:1)
  2 dart slugs
  3 hobgoblins
  4 kobolds (D:1)
  7 bats
  2 frilled lizards (D:1)
  3 goblins (D:1)
  4 rats (D:1)
26 creatures vanquished.

Vanquished Creatures (collateral kills)
  A kobold (D:1)
1 creature vanquished.

Grand Total: 27 creatures vanquished

Notes
Turn   | Place    | Note
-------+----------+-------------------------------------------
     0 | D:1      | sighowe the Felid Transmuter began the quest for the Orb.
     0 | D:1      | Reached XP level 1. HP: 9/9 MP: 4/4
   234 | D:1      | Reached XP level 2. HP: 6/12 MP: 6/6
   696 | D:1      | Learned a level 2 spell: Sticks to Snakes
  1246 | D:2      | Reached XP level 3. HP: 15/15 MP: 5/7
  1283 | D:2      | Gained mutation: You are partially covered in iridescent
                  | scales. (AC +2) [potion of mutation]
  1283 | D:2      | Gained mutation: Your muscles are strong. (Str +2) [potion
                  | of mutation]
  1283 | D:2      | Gained mutation: You have an increased reservoir of magic.
                  | (+10% MP) [potion of mutation]
  1289 | D:2      | Succumbed to an adder's poison

Skill      XL: |  1  2 |
---------------+-------+-----
Dodging        | 3 |  3.3
Fighting       | |  1.0
Unarmed Combat | |  3.7
Spellcasting   | |  2.2
Transmutations | |  2.4

Action                   || total
-------------------------++-------
Melee: Unarmed           ||    66
       Headbutt          ||    11
       Bite              ||     3
       Punch             ||     1
 Cast: Beastly Appendage ||    15
       Sticks to Snakes  ||     1
  Use: Potion            ||     2
 Stab: Sleeping          ||     2
  Eat: Chunk             ||     2
Armor: Skin              ||     5
Dodge: Dodged            ||    55
